 Dungeon Crawl Stone Soup version 0.22-a0-406-g9ff8d77 (webtiles) character file.

201 4thArraOfDagon the Magician (level 5, -1/35 HPs)
             Began as a Mummy Fire Elementalist on May 8, 2018.
             Slain by an orc
             ... wielding a +0 club
              (3 damage)
             ... on level 4 of the Dungeon.
             The game lasted 00:03:34 (1326 turns).

4thArraOfDagon the Magician (MuFE)                  Turns: 1326, Time: 00:03:35

Health: -1/35      AC:  3    Str: 11    XL:     5   Next: 50%
Magic:  5/10       EV: 12    Int: 18    God:
Gold:   73         SH:  0    Dex: 13    Spells: 3/11 levels left

rFire    x . .     SeeInvis .   c - +0 spear (pierce)
rCold    + . .     Gourm    .   (no shield)
rNeg     + + +     Faith    .   a - +1 robe
rPois    ∞         Spirit   .   (no helmet)
rElec    .         Reflect  .   (no cloak)
rCorr    .         Harm     .   (no gloves)
MR       .....                  (no boots)
Stlth    ++........             (no amulet)
HPRegen  0.11/turn              g - +3 ring of intelligence
MPRegen  0.12/turn              (no ring)

@: very slightly contaminated
A: no food or potions, fire vulnerability, cold resistance 1, negative energy
resistance 3, torment resistance, unbreathing
a: no special abilities


You were on level 4 of the Dungeon.
You were not hungry.

You visited 1 branch of the dungeon, and saw 5 of its levels.

You collected 73 gold pieces.

Inventory:

Hand Weapons
 c - a +0 spear of piercing (weapon)
Armour
 a - a +1 robe (worn)
Jewellery
 g - a +3 ring of intelligence (left hand)
Scrolls
 b - 2 scrolls of teleportation {unknown}


   Skills:
 - Level 1.5 Dodging
 - Level 1.5 Stealth
 + Level 3.9 Spellcasting
 * Level 2.9 Conjurations
 * Level 3.7 Fire Magic


You had 3 spell levels left.
You knew the following spells:

 Your Spells              Type           Power        Failure   Level  Hunger
a - Flame Tongue          Conj/Fire      ###..        3%          1    N/A
b - Conjure Flame         Conj/Fire      ###.....     12%         3    N/A
c - Sticky Flame          Conj/Fire      ###.....     36%         4    N/A

Dungeon Overview and Level Annotations

Branches:
Dungeon (5/15)
 Temple: D:4-7

Altars:

Shops:
D:4 [

Annotations:
D:5 KristoblXynda's ghost, novice TrWz


Innate Abilities, Weirdness & Mutations

You do not eat or drink.
Your flesh is vulnerable to fire.
You are immune to poison.
Your flesh is cold resistant. (rC+)
You are immune to negative energy. (rN+++)
You are immune to unholy pain and torment.
You can survive without breathing.


Message History

Press: ? - help, Shift-Dir - straight line, f/p - orc
Aim: an orc, wielding a mace of protection
Okay, then.
As you read the scroll labeled JIRGHI VANEY, it crumbles to dust.
You feel blessed for a moment.
It was a scroll of remove curse.
The orc barely misses you. The orc hits you with a club.
* * * LOW HITPOINT WARNING * * *
Unknown command.
As you read the scroll labeled OQIUPN MECWOYX, it crumbles to dust.
It is a scroll of enchant armour.
Your +0 robe glows green for a moment.
The orc hits you with a mace of protection.
* * * LOW HITPOINT WARNING * * *
The orc closely misses you. The orc hits you but does no damage.
Unknown command.
As you read the scroll labeled DIUMUD LIALL, it crumbles to dust.
It is a scroll of amnesia.
Okay, then.
The orc hits you with a club.
You die...

##.#..#
#....#
##...#####
#....o..#
#..####.#
#..# .#
#..# o#
#oo### ..
#.@o.# ##
####'# h.
..# .# #


You could see 3 orcs and a jackal (wandering).

Vanquished Creatures
  An ogre (D:4)
  An orc priest (D:3)
  A worker ant (D:4)
  3 adders
  An ooze (D:1)
  A dart slug (D:3)
  3 orcs (D:3)
  3 bats (D:1)
  A giant cockroach (D:4)
  5 goblins
  3 hobgoblins
  3 kobolds (D:1)
  A frilled lizard (D:1)
  5 rats
32 creatures vanquished.

Notes
Turn   | Place    | Note
-------+----------+-------------------------------------------
     0 | D:1      | 4thArraOfDagon the Mummy Fire Elementalist began the quest for the Orb.
     0 | D:1      | Reached XP level 1. HP: 13/13 MP: 4/4
   104 | D:1      | Reached skill level 1 in Conjurations
   176 | D:1      | Reached XP level 2. HP: 13/19 MP: 2/5
   624 | D:1      | Reached XP level 3. HP: 24/24 MP: 5/7
   629 | D:1      | Learned a level 3 spell: Conjure Flame
   692 | D:3      | Noticed a wyvern
   893 | D:3      | Reached XP level 4. HP: 3/30 MP: 1/9
  1098 | D:3      | Learned a level 4 spell: Sticky Flame
  1181 | D:4      | Noticed an ogre
  1189 | D:4      | Killed an ogre
  1189 | D:4      | Reached XP level 5. HP: 24/35 MP: 0/10
  1281 | D:4      | Found Lequr's Antique Armour Shoppe.
  1311 | D:5      | Entered Level 5 of the Dungeon
  1316 | D:5      | Noticed KristoblXynda's ghost (novice TrWz)
  1325 | D:4      | HP: 1/35 [orc/mace of protection (3)]
  1326 | D:4      | Slain by an orc

Vault maps used:
D:1:      saegor_arrival_simple_e
D:3:      first_ration, minmay_door_square, uniq_grinder
D:4:      serial_shops, shop, uniq_edmund
D:5:      minmay_temple_entry_fiery, serial_shops, shop, uniq_sigmund,
          uniq_ijyb, uniq_blork_the_orc

Skill      XL: |  1  2  3 |
---------------+----------+-----
Conjurations   | 1 2 |  2.9
Spellcasting   | 3 |  3.9
Fire Magic     | 3 |  3.7
Dodging        | |  1.5
Stealth        | |  1.5

Action                   |  1- 3 |  4- 6 || total
-------------------------+-------+-------++-------
Melee: Unarmed           |    16 |       ||    16
       Spear             |    36 |     7 ||    43
 Cast: Flame Tongue      |    42 |    19 ||    61
       Conjure Flame     |       |     1 ||     1
  Use: Scroll            |       |     3 ||     3
 Stab: Sleeping          |     2 |       ||     2
Armor: Robe              |    14 |     2 ||    16
Dodge: Dodged            |    68 |    16 ||    84

Table legend:
 A = Spawn XP
 B = Non-spawn XP
 C = Spawn XP percentage of total XP
 D = Spawn monster count
 E = Non-spawn monster count
 F = Spawn count percentage of total count
 G = Total turns spent on level
                    A         B        C        D         E        F      G
               +---------+---------+-------+---------+---------+-------+---------
         Total |       0 |     288 |   0.0 |       0 |      32 |   0.0 |  1326
               +---------+---------+-------+---------+---------+-------+---------
           D:1 |       0 |      28 |   0.0 |       0 |      15 |   0.0 |   582
           D:2 |       0 |      17 |   0.0 |       0 |       3 |   0.0 |   143
           D:3 |       0 |      86 |   0.0 |       0 |      11 |   0.0 |   392
           D:4 |       0 |     157 |   0.0 |       0 |       3 |   0.0 |   198
               +---------+---------+-------+---------+---------+-------+---------
